 Dungeon Crawl Stone Soup version 0.19-a0-1068-g99dd0f4 (webtiles) character file.

49 Charly the Sneak (level 3, -2/16 HPs)
             Began as a Spriggan Enchanter on Aug 4, 2016.
             Slain by Grinder (6 damage)
             ... on level 3 of the Dungeon.
             The game lasted 00:05:12 (311 turns).

Charly the Sneak (Spriggan Enchanter)                Turns: 311, Time: 00:05:13

Health: -2/16      AC:  4    Str:  4    XL:     3   Next: 51%
Magic:  0/8        EV: 18    Int: 17    God:
Gold:   38         SH:  0    Dex: 16    Spells: 2 memorised, 5 levels left

rFire  . . .     SeeInvis +     a - +1 dagger
rCold  . . .     Gourm    .     b - +1 robe
rNeg   . . .     Faith    .     (shield restricted)
rPois  .         Spirit   +     (helmet restricted)
rElec  .         Dismiss  .     e - +0 cloak
rCorr  .         Reflect  .     (gloves unavailable)
SustAt .         Harm     .     (boots unavailable)
MR     .....                    k - amulet of guardian spirit
Stlth  ++++......               (no ring)
                                (no ring)

@: very quick
A: unfitting armour, see invisible, herbivore 3, speed 3, slow metabolism 2
a: no special abilities


You were on level 3 of the Dungeon.
You were not hungry.

You visited 1 branch of the dungeon, and saw 3 of its levels.

You collected 38 gold pieces.

Inventory:

Hand Weapons
 a - a +1 dagger (weapon)
Armour
 b - a +1 robe (worn)
 e - a +0 cloak (worn)
Jewellery
 k - an amulet of guardian spirit (around neck)
Scrolls
 g - a scroll of teleportation {unknown}
 h - a scroll of blinking {unknown}
 i - a scroll of enchant weapon {unknown}
 j - a scroll of immolation {unknown}
Potions
 f - 2 potions of might {unknown}
Books
 c - a book of Maledictions

   Spells                             Type                      Level
   a - Corona                         Hexes                        1
   b - Ensorcelled Hibernation        Hexes/Ice                    2
   c - Confuse                        Hexes                        3
   d - Tukima's Dance                 Hexes                        3
   e - Dazzling Spray                 Conjuration/Hexes            3
Comestibles
 d - a bread ration


   Skills:
 - Level 1.1 Short Blades
 - Level 3.0 Dodging
 * Level 5.7 Stealth
 + Level 3.1 Spellcasting
 * Level 4.4 Hexes


You had 5 spell levels left.
You knew the following spells:

 Your Spells              Type           Power        Failure   Level  Hunger
a - Corona                Hex            ###....      2%          1    None
h - Ensorcelled Hibernat  Hex/Ice        ##....       12%         2    ##.....


Dungeon Overview and Level Annotations

Branches:
Dungeon (3/15)

Altars:

Annotations:
D:3 Grinder


Innate Abilities, Weirdness & Mutations

You are tiny and cannot use many weapons and most armour.
You have supernaturally acute eyesight. (SInv)
You are a herbivore.
You cover ground extremely quickly.
You need consume almost no food.


Message History

Grinder is heavily wounded.
Grinder barely misses you.
Casting: Ensorcelled Hibernation
Confirm with . or Enter, or press ? or * to list all spells.
Aiming: Corona
Press: ? - help, Shift-Dir - straight line, f - Grinder
Aim: Grinder (heavily wounded, chance to defeat MR: 54%) Grinder is outlined in light.
Grinder drinks a potion.
Grinder suddenly seems more resistant.
You hit Grinder but do no damage.
Grinder is heavily wounded.
Grinder hits you.
You writhe in agony.
* * * LOW HITPOINT WARNING * * *
You hit Grinder but do no damage.
Grinder is heavily wounded.
Grinder closely misses you.
You hit Grinder but do no damage.
Grinder is heavily wounded.
Grinder hits you.
You die...

....... ...
##.......# ##..
.......... ##...
#.....<...
....r###....#....
#..#........#
#####......#..#
.......#..#<.#
#.[5@..)..#
.....#.##.....#
### #. ##.#..# #.
..#..# ..
.(...... ..
.#..#..##
>.......##.. ...


You could see Grinder and a rat (sleeping).

Vanquished Creatures
  Terence (D:2)
  A dart slug (D:1)
  2 bats (D:1)
  A giant cockroach (D:1)
  3 goblins (D:1)
  2 hobgoblins (D:1)
  4 jackals (D:2)
  3 kobolds
  A ball python (D:2)
  A giant newt (D:1)
  2 rats (D:1)
21 creatures vanquished.

Notes
Turn   | Place    | Note
-------+----------+-------------------------------------------
     0 | D:1      | Charly the Spriggan Enchanter began the quest for the Orb.
     0 | D:1      | Reached XP level 1. HP: 9/9 MP: 5/5
    89 | D:1      | Reached XP level 2. HP: 11/13 MP: 6/6
    93 | D:1      | Learned a level 2 spell: Ensorcelled Hibernation
   107 | D:1      | Reached skill level 5 in Stealth
   252 | D:2      | Noticed Terence
   259 | D:2      | Killed Terence
   259 | D:2      | Reached XP level 3. HP: 16/16 MP: 1/8
   302 | D:3      | Noticed Grinder
   311 | D:3      | Slain by Grinder

Vault maps used:
D:1:      minmay_arrival_jagged, lemuel_old_faithful
D:2:      minmay_misc_feat_four_crosses, minmay_split_cup_small, uniq_terence
D:3:      lemuel_round_altar, lightli_temple_of_fire, ecumenical_altar_2,
          gup_sewer_entry_spiral, nrook_loot_triangle, uniq_grinder

Skill      XL: |  1  2 |
---------------+-------+-----
Stealth        | 5 |  5.7
Hexes          | 4 |  4.4
Spellcasting   | 3 |  3.1
Short Blades   | |  1.1
Dodging        | |  3.0

Action                   || total
-------------------------++-------
Melee: Dagger            ||    71
 Cast: Corona            ||     5
       Ensorcelled Hiber ||     6
 Stab: Sleeping          ||     8
  Eat: Pizza             ||     1
Armor: Robe              ||     8
Dodge: Dodged            ||    51
